 Dungeon Crawl Stone Soup version 0.18.1-48-g4cf74bf (webtiles) character file.

100 Mesmaeker13 the Sneak (level 4, 0/30 HPs)
             Began as a Vampire Enchanter on July 11, 2016.
             Succumbed to Robin's poison
             ... on level 3 of the Dungeon.
             The game lasted 00:07:03 (2307 turns).

Mesmaeker13 the Sneak (Vampire Enchanter)           Turns: 2307, Time: 00:07:04

Health: 0/30       AC:  3    Str:  8    XL:     4   Next: 46%
Magic:  16/16      EV: 18    Int: 17    God:
Gold:   131        SH:  0    Dex: 19    Spells: 2 memorised, 3 levels left

rFire  . . .     SeeInvis +     a - +1 dagger
rCold  . . .     Gourm    .     b - +1 robe
rNeg   + . .     Faith    .     (no shield)
rPois  .         Spirit   .     (no helmet)
rElec  .         Dismiss  +     (no cloak)
rCorr  .         Reflect  .     (no gloves)
SustAt .         Harm     .     (no boots)
MR     .....                    q - amulet of dismissal
Stlth  +++++.....               (no ring)
                                h - ring of magical power

@: agile, lethally poisoned (0 -> -10), flying, very slightly contaminated,
hasted, very quick, not resistant to hostile enchantments, quite stealthy
A: fangs 3, see invisible, unbreathing
a: Bat Form


You were on level 3 of the Dungeon.
You were not thirsty.

You visited 1 branch of the dungeon, and saw 3 of its levels.

You collected 131 gold pieces.

Inventory:

Hand Weapons
 a - a +1 dagger (weapon)
Armour
 b - a +1 robe (worn)
Jewellery
 h - a ring of magical power (left hand)
 q - an amulet of dismissal (around neck)
Wands
 n - a wand of random effects (11/48)
Scrolls
 d - a scroll of blinking
 g - a scroll of remove curse
 i - a scroll of teleportation
 l - a scroll of magic mapping
Potions
 j - 3 potions of blood
 k - a potion of agility
Books
 c - a book of Maledictions

   Spells                             Type                      Level
   a - Corona                         Hexes                        1
   b - Ensorcelled Hibernation        Hexes/Ice                    2
   c - Confuse                        Hexes                        3
   d - Tukima's Dance                 Hexes                        3
   e - Dazzling Spray                 Conjuration/Hexes            3


   Skills:
 + Level 2.1 Short Blades
 - Level 2.1 Dodging
 + Level 6.7 Stealth
 - Level 2.0 Spellcasting
 + Level 5.5 Hexes


You had 3 spell levels left.
You knew the following spells:

 Your Spells              Type           Power        Failure   Level  Hunger
a - Corona                Hex            ###....      1%          1    #......
b - Confuse               Hex            ###.....     8%          3    ###....


Dungeon Overview and Level Annotations

Branches:
Dungeon (3/15)

Altars:
Dithmenos

Annotations:
D:3 Robin


Innate Abilities, Weirdness & Mutations

You have razor-sharp teeth.
You have supernaturally acute eyesight.
You can survive without breathing.


Message History

* * * LOW HITPOINT WARNING * * *
You feel sick.
You are very lightly contaminated with residual magic.
Drink which item? (? for menu, Esc to quit)
It was a potion of lignification.
You feel woody for a moment.
* * * LOW HITPOINT WARNING * * *
You feel sick.
Drink which item? (? for menu, Esc to quit)
It was a potion of flight.
You feel very buoyant.
You fly up into the air.
Drink which item? (? for menu, Esc to quit)
Yummy - fresh blood!
* * * LOW HITPOINT WARNING * * *
You feel sick.
Drink which item? (? for menu, Esc to quit)
Yummy - fresh blood!
Drink which item? (? for menu, Esc to quit)
Yummy - fresh blood!
You die...

##
################
..
#..............#
#.
#.##########.###
#. #.#... #@#
#.###g#.## #.#
..g.....># #.#
#†###.#..#### #.#
#.###.#..#..# #.#
#g#......#..##.#.#
#.#.#.......!#.#.#
#.#.#........#.#.#
#.# ###......#.#


There were no monsters in sight!

Vanquished Creatures
  3 adders (D:2)
  3 worms
  A dart slug (D:2)
  An orc (D:3)
  3 giant cockroaches (D:2)
  11 goblins
  10 hobgoblins
  7 jackals (D:2)
  5 bats
  6 giant newts
  6 kobolds
  2 rats
58 creatures vanquished.

Vanquished Creatures (others)
  A goblin (D:3)
1 creature vanquished.

Grand Total: 59 creatures vanquished

Notes
Turn   | Place    | Note
--------------------------------------------------------------
     0 | D:1      | Mesmaeker13 the Vampire Enchanter began the quest for the Orb.
     0 | D:1      | Reached XP level 1. HP: 13/13 MP: 3/3
   209 | D:1      | Reached skill level 5 in Stealth
   605 | D:2      | Reached XP level 2. HP: 19/19 MP: 5/5
   627 | D:2      | Found a shadowy altar of Dithmenos.
   975 | D:2      | Reached skill level 6 in Stealth
   975 | D:2      | Reached XP level 3. HP: 17/24 MP: 6/6
  1031 | D:2      | Reached skill level 5 in Hexes
  1445 | D:2      | Learned a level 3 spell: Confuse
  1616 | D:2      | Reached XP level 4. HP: 21/30 MP: 7/7
  2281 | D:3      | Noticed Robin
  2305 | D:3      | HP: 1/30 [poisoned by Robin]
  2307 | D:3      | Succumbed to Robin's poison

Skill      XL: |  1  2  3  4 |
---------------+-------------+-----
Stealth        | 5 6 |  6.7
Hexes          | 5 |  5.5
Short Blades   | 2 |  2.1
Dodging        | |  2.1
Spellcasting   | |  2.0

Action                   |  1- 3 |  4- 6 || total
-------------------------+-------+-------++-------
Melee: Dagger            |   149 |    78 ||   227
       Bite              |    13 |    12 ||    25
 Cast: Corona            |     8 |     6 ||    14
       Confuse           |       |     1 ||     1
Evoke: Wand              |       |     7 ||     7
  Use: Potion            |     3 |     9 ||    12
       Scroll            |     6 |     1 ||     7
 Stab: Sleeping          |    11 |       ||    11
       Confused          |       |     1 ||     1
Armor: Robe              |    40 |    12 ||    52
Dodge: Dodged            |    97 |    33 ||   130
